 Dungeon Crawl Stone Soup version 0.20-a0-949-g916514f (webtiles) character file.

126 M4edhros the Poker (level 4, 0/35 HPs)
             Began as a Mummy Chaos Knight on Apr 4, 2017.
             Slain by a wraith (10 damage)
             ... on level 2 of the Dungeon.
             The game lasted 00:04:15 (10531 turns).

M4edhros the Poker (Mummy Chaos Knight)            Turns: 10531, Time: 00:04:15

Health: 0/35       AC:  6    Str: 15    XL:     4   Next: 84%
Magic:  4/4        EV: 11    Int: 11    God:    Xom [.*....]
Gold:   150        SH:  0    Dex: 12    Spells: 3/3 levels left

rFire    x . .     SeeInvis .   a - +0 spear (chaos)
rCold    + . .     Gourm    .   (no shield)
rNeg     + + +     Faith    .   b - +2 leather armour
rPois    ∞         Spirit   .   d - +0 helmet
rElec    .         Reflect  .   (no cloak)
rCorr    .         Harm     .   (no gloves)
MR       .....                  (no boots)
Stlth    +.........             (no amulet)
Regen    0.2/turn               (no ring)
MPRegen  0.1/turn               (no ring)

@: cleaving, slowed, very slow
A: no food or potions, fire vulnerability, cold resistance 1, negative energy
resistance 3, torment resistance, unbreathing
a: Renounce Religion


You were on level 2 of the Dungeon.
You worshipped Xom.
You were a plaything of Xom.
You were not hungry.

You visited 1 branch of the dungeon, and saw 2 of its levels.

You collected 150 gold pieces.

Inventory:

Hand Weapons
 a - a +0 spear of chaos (weapon)
 g - a +0 blowgun
Missiles
 h - 3 curare-tipped needles
 n - 14 stones (quivered)
Armour
 b - a +2 leather armour (worn)
 d - a +0 helmet (worn)
Scrolls
 f - 2 scrolls of teleportation
 i - a scroll of enchant weapon {unknown}
 j - a scroll of recharging {unknown}
 k - a scroll of identify {unknown}
 l - a scroll of enchant armour {unknown}
 m - a scroll of amnesia {unknown}
Comestibles
 c - 5 fruits


   Skills:
 - Level 3.0 Fighting
 + Level 4.6 Polearms
 - Level 1.5 Armour
 - Level 0.7 Dodging


You had 3 spell levels left.
You didn't know any spells.

Dungeon Overview and Level Annotations

Branches:
Dungeon (2/15)

Altars:
Ru
Xom


Innate Abilities, Weirdness & Mutations

You do not eat or drink.
Your flesh is vulnerable to fire.
You are immune to poison.
Your flesh is cold resistant. (rC+)
You are immune to negative energy. (rN+++)
You are immune to unholy pain and torment.
You can survive without breathing.


Message History

The wraith hits you. The wraith drains your vigour!
You feel as though you will be slow longer.
The wraith hits you.
Unknown command.
You barely miss the wraith.
The wraith is heavily damaged.
The wraith hits you.
* * * LOW HITPOINT WARNING * * *
The wraith drains your vigour!
You feel as though you will be slow longer.
Unknown command.
You hit the wraith but do no damage.
The wraith is heavily damaged.
The wraith hits you but does no damage.
Unknown command.
You hit the wraith but do no damage.
The wraith is heavily damaged.
The wraith barely misses you. The wraith hits you!
You die...
Xom is highly amused!

#...........# #...##.......#.....
#..........## ###........###.....
#..........# #####.....##.....
...##.<...## #.>...##....#
...#..###.!##########...........#
.....## ##.#.._....##...........#
....## #._._..._.##§§..##).....
...## ###)..._..##§§.).#.####.
...# #....@W.§§§§.......... ...#
#....._.##§§...#.##### ...#
#..(>...#####..#...... ...#
#._(....# #..#...... ...#
######### ##.##..... ####
#........ ###...... ##.....
#.....


You could see a wraith.

Vanquished Creatures
  Jessica (D:2)
  A gnoll (D:1)
  2 adders (D:2)
  2 worms (D:2)
  2 dart slugs
  A leopard gecko (D:1)
  10 bats
  3 giant cockroaches
  4 hobgoblins
  3 jackals (D:1)
  5 frilled lizards
  11 goblins
  9 kobolds
  9 rats
63 creatures vanquished.

Vanquished Creatures (others)
  2 fungi (D:2)
2 creatures vanquished.

Grand Total: 65 creatures vanquished

Notes
Turn   | Place    | Note
-------+----------+-------------------------------------------
     0 | D:1      | M4edhros the Mummy Chaos Knight began the quest for the Orb.
     0 | D:1      | Reached XP level 1. HP: 18/18 MP: 1/1
   189 | D:1      | Reached XP level 2. HP: 19/24 MP: 2/2
   217 | D:1      | Reached skill level 3 in Polearms
   417 | D:1      | XOM: summons 1 hostile demon
  1131 | D:1      | Reached XP level 3. HP: 29/29 MP: 3/3
  1816 | D:1      | XOM: noise
  2648 | D:1      | XOM: medium Tmut miscast
  3068 | D:1      | XOM is BORED!
  3068 | D:1      | XOM: medium Summ miscast
  3069 | D:1      | Noticed a ynoxinul
  3328 | D:1      | XOM: god gift: blowgun {god gift}
  4089 | D:1      | XOM: mild Summ miscast
  4684 | D:1      | XOM: noise
  5253 | D:1      | XOM is BORED!
  5253 | D:1      | XOM: medium Conj miscast
  5253 | D:1      | XOM: smoke on damage
  6008 | D:1      | XOM: god gift: scroll labeled YRYANUIHAZOH {god gift}
  6230 | D:1      | Noticed a centaur warrior
  6556 | D:1      | Noticed a centaur warrior
  6584 | D:2      | Reached skill level 4 in Polearms
  6670 | D:2      | Reached XP level 4. HP: 35/35 MP: 4/4
  6739 | D:2      | Found a sacrificial altar of Ru.
  6782 | D:2      | Noticed Jessica
  6786 | D:2      | XOM: potion effect (brilliance)
  6801 | D:2      | Killed Jessica
  7468 | D:2      | XOM is BORED!
  7468 | D:2      | XOM: medium Tloc miscast
  7670 | D:2      | XOM: cloud trail
  7823 | D:2      | XOM: medium Erth miscast
  8079 | D:2      | XOM: mild Hex miscast
  8082 | D:2      | XOM: god gift: 14 stones
  8089 | D:2      | XOM: cloud trail
  8422 | D:2      | XOM: scenery: create altars
  9684 | D:2      | XOM: cloud trail
  9930 | D:2      | XOM: scenery: create altars
 10066 | D:2      | XOM: god gift: 57 gold pieces
 10111 | D:2      | XOM: god gift: 23 gold pieces
 10113 | D:2      | XOM: medium Ice miscast
 10482 | D:2      | Noticed a wraith
 10482 | D:2      | XOM: enchant monster (good)
 10524 | D:2      | XOM: cleaving
 10531 | D:2      | Slain by a wraith

Vault maps used:
D:1:      dpeg_arrival_orchard, serial_forest, infiniplex_forest_straight_2,
          infiniplex_forest_lined_3_way, infiniplex_forest_lined_room_2,
          infiniplex_forest_end_1, infiniplex_forest_lined_1,
          infiniplex_forest_straight_5, infiniplex_forest_clump_curved
D:2:      nicolae_ru_the_path_less_chosen, uniq_jessica

Skill      XL: |  1  2  3 |
---------------+----------+-----
Polearms       | 3 4 |  4.6
Fighting       | |  3.0
Armour         | |  1.5
Dodging        | |  0.7

Action                   |  1- 3 |  4- 6 || total
-------------------------+-------+-------++-------
Melee: Spear             |   157 |    89 ||   246
  Use: Scroll            |       |     2 ||     2
 Stab: Paralysed         |     5 |       ||     5
       Sleeping          |     1 |       ||     1
       Petrified         |       |     4 ||     4
Armor: Leather armour    |    46 |    25 ||    71
Dodge: Dodged            |    68 |    44 ||   112
